[Event "Titled Tuesday Blitz March 08 Early 2022"]
[White "Hernandez Jimenez, Alexander Andres"]
[Black "Coto Mederos, Michel"]
[WhiteFideId "3900452"]
[BlackFideId "3508528"]
[WhiteElo "2082"]
[BlackElo "2427"]
[Result "0-1"]
[Round "03"]
[TimeControl "180+1"]
[Date "2022.03.09"]
[WhiteClock "0:00:47"]
[BlackClock "0:01:03"]

1. e4 e5 2. Nf3 Nc6 3. Bc4 Bc5 4. d3 Nf6 5. O-O d6 6. Nbd2 Be6 7. c3 a6 8. Bb3 Qd7 9. Bc2 Ba7 10. Nc4 Nxe4 11. Ncxe5 Nxf2 12. Nxd7 Nxd1+ 13. d4 Nxc3 14. Nf6+ gxf6 15. bxc3 Kd7 16. Nh4 Nxd4 17. cxd4 Bxd4+ 18. Kh1 Bxa1 0-1


[Site "https://www.chess.com"]

[Event "Titled Tuesday Blitz March 08 Early 2022"]
[White "Hoffmann, Asa"]
[Black "Tologon tegin, Semetei"]
[WhiteFideId "2001470"]
[BlackFideId "13800574"]
[WhiteElo "2117"]
[BlackElo "2258"]
[Result "1-0"]
[Round "03"]
[TimeControl "180+1"]
[Date "2022.03.09"]
[WhiteClock "0:00:33"]
[BlackClock "0:00:05"]

1. d4 d5 2. Bg5 c5 3. e3 Nc6 4. c3 Qb6 5. Qd2 Bf5 6. Nf3 e6 7. Be2 h6 8. Bh4 g5 9. Bg3 Nf6 10. O-O Ne4 11. Qc1 Rc8 12. Na3 Bg7 13. dxc5 Qxc5 14. Nb5 a6 15. Nbd4 Bg6 16. Nd2 Nxg3 17. hxg3 h5 18. N2b3 Qd6 19. f4 g4 20. Qd2 Be4 21. Bd3 f5 22. Bxe4 dxe4 23. Nxf5 Qxd2 24. Nxg7+ Kf7 25. Nxd2 Kxg7 26. Nxe4 Rcd8 27. Rad1 b6 28. Ng5 Kf6 29. e4 Na5 30. b3 Nb7 31. Kf2 Nc5 32. Ke3 h4 33. e5+ Kf5 34. Nf7 Rxd1 35. Rxd1 Rh7 36. Nd6+ Kg6 37. Ne4 Nxe4 38. Kxe4 hxg3 39. Rd3 Rh2 40. Rxg3 Kh5 41. f5 Kh4 42. Rd3 exf5+ 43. Kxf5 Rxg2 44. e6 Rf2+ 45. Kg6 g3 46. e7 g2 47. Rd4+ Kh3 48. Rd1 Rf1 49. Rxf1 gxf1=Q 50. e8=Q Qd3+ 51. Kg5 Qxc3 52. Qe6+ Kg3 53. Qxb6 Qd2+ 54. Kf5 Qxa2 55. Ke4 a5 56. Kd5 a4 57. Qe3+ Kg4 58. Qe4+ Kg5 59. Qxa4 Qd2+ 60. Kc5 Kf5 61. Qd4 Qa5+ 62. Kc4 Ke6 63. b4 Qa2+ 64. Kb5 Qe2+ 65. Qc4+ Qxc4+ 66. Kxc4 Kd6 67. Kb5 Kc7 68. Ka6 Kb8 69. Kb6 Ka8 70. b5 Kb8 71. Kc6 Kc8 72. b6 Kb8 73. b7 1-0


[Site "https://www.chess.com"]

[Event "Titled Tuesday Blitz March 08 Early 2022"]
[White "Horak, Martin"]
[Black "Golubka, Petro"]
[WhiteFideId "367095"]
[BlackFideId "14114224"]
[WhiteElo "1997"]
[BlackElo "2346"]
[Result "0-1"]
[Round "03"]
[TimeControl "180+1"]
[Date "2022.03.09"]
[WhiteClock "0:00:21"]
[BlackClock "0:01:17"]

1. d4 d5 2. c4 dxc4 3. e4 e5 4. Nf3 exd4 5. Bxc4 Bb4+ 6. Nbd2 Nc6 7. O-O Nf6 8. a3 Be7 9. e5 Ng4 10. Re1 O-O 11. h3 Nh6 12. Nb3 Nf5 13. g4 Nh4 14. Nfxd4 Nxd4 15. Nxd4 Qxd4 0-1


[Site "https://www.chess.com"]

[Event "Titled Tuesday Blitz March 08 Early 2022"]
[White "Hua, Lefong"]
[Black "Babazada, Khazar"]
[WhiteFideId "2602253"]
[BlackFideId "13413554"]
[WhiteElo "2616"]
[BlackElo "2860"]
[Result "1/2-1/2"]
[Round "03"]
[TimeControl "180+1"]
[Date "2022.03.09"]
[WhiteClock "0:00:20"]
[BlackClock "0:00:17"]

1. d4 Nf6 2. c4 e6 3. Nc3 Bb4 4. f3 d5 5. a3 Bxc3+ 6. bxc3 c5 7. cxd5 Nxd5 8. dxc5 Qa5 9. e4 Ne7 10. Be3 O-O 11. Qb3 Nbc6 12. Nh3 e5 13. Nf2 Be6 14. Bc4 Bxc4 15. Qxc4 Ng6 16. O-O Rad8 17. Nd3 Rd7 18. Nb4 Qd8 19. Nd5 Kh8 20. Rfd1 f5 21. Rd2 fxe4 22. fxe4 Nf4 23. Rf1 Ne6 24. Rdf2 Rxf2 25. Rxf2 Qe8 26. Qf1 h6 27. h3 Qg6 28. Rf5 Kh7 29. Kh2 b6 30. cxb6 axb6 31. Nxb6 Ra7 32. Nc4 Ra4 33. Nxe5 Nxe5 34. Rxe5 Rxe4 35. Rxe4 Qxe4 36. Qf3 Qe5+ 37. Qg3 Qxc3 38. Bf2 Qc4 39. Qe3 Ng5 40. Qd4 Qe2 41. Qe3 Qc2 42. a4 Qxa4 43. Qd3+ Qe4 44. Qxe4+ Nxe4 45. Be3 Kg6 46. g4 Nf6 47. Kg2 Nd5 48. Bd4 Kf7 49. Kf3 g6 50. Be5 Ke6 51. Bb2 Nb4 52. Bc1 g5 53. h4 Kf6 54. hxg5+ hxg5 55. Bxg5+ Kxg5 56. Ke4 Kxg4 1/2-1/2


[Site "https://www.chess.com"]

[Event "Titled Tuesday Blitz March 08 Early 2022"]
[White "Ibraev, Vasilij"]
[Black "Shubenkova, Veronika"]
[WhiteFideId "4175190"]
[BlackFideId "44124040"]
[WhiteElo "2121"]
[BlackElo "1938"]
[Result "1-0"]
[Round "03"]
[TimeControl "180+1"]
[Date "2022.03.09"]
[WhiteClock "0:00:39"]
[BlackClock "0:00:25"]

1. e4 c5 2. Nf3 e6 3. d4 cxd4 4. Nxd4 a6 5. c4 Qc7 6. Nc3 Nc6 7. Be2 Bd6 8. Be3 Nge7 9. h3 Bb4 10. Rc1 O-O 11. O-O b6 12. a3 Bxc3 13. Rxc3 Bb7 14. f3 d6 15. Qd2 Rfd8 16. Rd1 Rac8 17. Bf1 Nxd4 18. Bxd4 Nc6 19. Be3 Ne5 20. Qf2 Nd7 21. Rb3 Nc5 22. Rc3 Qb8 23. b4 Na4 24. Rc2 Ba8 25. Rcd2 Rd7 26. Bf4 Rcd8 27. Qg3 Nc3 28. Rc1 Na4 29. Rcd1 Nc3 30. Rxd6 Qa7 31. Rxd7 Rxd7 32. Rxd7 Qxd7 33. Be5 1-0


[Site "https://www.chess.com"]

[Event "Titled Tuesday Blitz March 08 Early 2022"]
[White "Iljin, Timofey"]
[Black "Oganian, Miran"]
[WhiteFideId "14110180"]
[BlackFideId "4122488"]
[WhiteElo "2396"]
[BlackElo "2357"]
[Result "0-1"]
[Round "03"]
[TimeControl "180+1"]
[Date "2022.03.09"]
[WhiteClock "0:00:02"]
[BlackClock "0:00:06"]

1. e4 e6 2. d4 d5 3. e5 c5 4. c3 Qb6 5. Nf3 Nh6 6. Bd3 Nc6 7. O-O cxd4 8. cxd4 Nf5 9. Nc3 Nfxd4 10. Nxd4 Qxd4 11. Re1 a6 12. Qe2 Qb6 13. Kh1 Bd7 14. f4 g6 15. Be3 Qd8 16. Bf2 b5 17. Rad1 Rc8 18. g4 Bg7 19. Bg3 O-O 20. f5 exf5 21. gxf5 Nd4 22. Qf2 Nxf5 23. Bxf5 Bxf5 24. Nxd5 Rc2 25. Nf6+ Bxf6 26. Rxd8 Rxd8 27. Qe3 Be7 28. Rc1 Rcd2 29. Bf4 Be6 30. Qxd2 Rxd2 31. Bxd2 g5 32. a3 Kg7 33. Bb4 Bd8 34. Kg1 Kg6 35. Kg2 Kf5 36. Bd6 Bb6 37. Rf1+ Ke4 38. Rd1 Bd4 39. b4 h5 40. Rc1 Bd5 41. Kg3 Kf5 42. Rf1+ Ke4 43. Re1+ Kf5 44. Rf1+ Kg6 45. Rf6+ Kg7 46. Rf1 Be3 47. h4 Bf4+ 48. Kh3 Be6+ 49. Kg2 Bd5+ 50. Kf2 gxh4 51. Rg1+ Bg3+ 52. Ke3 Be6 53. Ke4 Kg6 54. Bc5 Kg5 55. Bf2 Kg4 56. Be3 h3 57. Bf4 h4 58. Rf1 h2 59. Rh1 Bc8 60. Ke3 Bb7 61. Re1 Bxf4+ 62. Kd4 h1=Q 63. e6 Qd5+ 64. Kc3 Qd2+ 65. Kb3 Bd5# 0-1


[Site "https://www.chess.com"]

[Event "Titled Tuesday Blitz March 08 Early 2022"]
[White "Istvanovszki, Martin"]
[Black "Fedoseev, Vladimir"]
[WhiteFideId "726958"]
[BlackFideId "24130737"]
[WhiteElo "2524"]
[BlackElo "2979"]
[Result "0-1"]
[Round "03"]
[TimeControl "180+1"]
[Date "2022.03.09"]
[WhiteClock "0:00:10"]
[BlackClock "0:00:14"]

1. e4 c5 2. Nc3 d6 3. f4 g6 4. Nf3 Bg7 5. Bc4 Nc6 6. O-O a6 7. d3 b5 8. Bd5 Bb7 9. Bxf7+ Kxf7 10. Ng5+ Ke8 11. Ne6 Bd4+ 12. Kh1 Qd7 13. Nd5 Nf6 14. Ndc7+ Kf7 15. f5 Rac8 16. Nd5 gxf5 17. exf5 Ne5 18. Ng5+ Ke8 19. Nxf6+ exf6 20. Qh5+ Ke7 21. Re1 Rcg8 22. Qf7+ Kd8 23. Ne6+ Kc8 24. Qxd7+ Kxd7 25. Re2 Ng4 26. c3 Nf2+ 27. Kg1 Bxg2 28. Rxf2 Bh3+ 29. Bg5 Bxf2+ 30. Kxf2 fxg5 31. d4 Bxf5 32. dxc5 Bxe6 33. Rd1 Rf8+ 0-1


[Site "https://www.chess.com"]

[Event "Titled Tuesday Blitz March 08 Early 2022"]
[White "Izoria, Zviad"]
[Black "Jary, Sergey"]
[WhiteFideId "13601733"]
[BlackFideId "14110350"]
[WhiteElo "2626"]
[BlackElo "2260"]
[Result "1/2-1/2"]
[Round "03"]
[TimeControl "180+1"]
[Date "2022.03.08"]
[WhiteClock "0:00:09"]
[BlackClock "0:00:06"]

1. Nf3 Nf6 2. c4 g6 3. g3 Bg7 4. Bg2 O-O 5. O-O d6 6. d4 Nc6 7. d5 Na5 8. Qa4 c5 9. Bd2 b6 10. Bc3 Bd7 11. Qc2 a6 12. Nbd2 b5 13. b3 b4 14. Bb2 e5 15. dxe6 Bxe6 16. Rad1 Rc8 17. Ng5 Bf5 18. Nde4 Nxe4 19. Nxe4 Bxe4 20. Bxe4 Bxb2 21. Qxb2 Qe7 22. Bf3 Nc6 23. Bxc6 Rxc6 24. Rd5 a5 25. Rfd1 h5 26. h4 Kh7 27. Qc2 Kg7 28. Qb2+ Kh7 29. Qd2 Rd8 30. Qd3 Kg7 31. e4 Rdc8 32. f3 Qf6 33. Kg2 Ra8 34. Rxd6 Rxd6 35. Qxd6 Qc3 36. Qd2 Qxd2+ 37. Rxd2 a4 38. f4 axb3 39. axb3 Ra1 40. Rd3 Rb1 41. e5 Rb2+ 42. Kf3 f5 43. exf6+ Kxf6 44. Ke4 Ke6 45. Re3 Rb1 46. Kf3+ Kf6 47. g4 hxg4+ 48. Kxg4 Rg1+ 49. Kf3 Rd1 50. Re5 Rd3+ 51. Kg4 Rxb3 52. Rxc5 Rb1 53. Rc6+ Kg7 54. Rc7+ Kf6 55. Rc6+ Kg7 56. Rc7+ Kf6 57. Rc6+ 1/2-1/2


[Site "https://www.chess.com"]

[Event "Titled Tuesday Blitz March 08 Early 2022"]
[White "Jacobson, Aaron"]
[Black "Lou, Yiping"]
[WhiteFideId "2089912"]
[BlackFideId "8603928"]
[WhiteElo "2552"]
[BlackElo "2773"]
[Result "1/2-1/2"]
[Round "03"]
[TimeControl "180+1"]
[Date "2022.03.09"]
[WhiteClock "0:00:45"]
[BlackClock "0:01:10"]

1. e4 e5 2. Nf3 Nc6 3. Nc3 Nf6 4. d4 exd4 5. Nxd4 Bb4 6. Nxc6 bxc6 7. Bd3 O-O 8. O-O d5 9. exd5 cxd5 10. h3 c6 11. Qf3 Re8 12. Bf4 Nd7 13. a3 Bxc3 14. bxc3 Nc5 15. Rfe1 Nxd3 16. Qxd3 Be6 17. Be5 f6 18. Bd4 a5 19. Re3 Bf7 20. Rae1 Rxe3 21. Qxe3 Rb8 22. Qe7 Qe8 23. Re3 Bg6 24. Qd6 Rb1+ 25. Kh2 Qb8 26. Qxb8+ Rxb8 27. Re6 Rc8 28. Re7 Bxc2 29. Ra7 a4 30. Bc5 h5 31. g4 hxg4 32. hxg4 Bd1 33. Kg3 Kh7 34. Kf4 Re8 35. Re7 Rxe7 36. Bxe7 Kg6 37. Bc5 Kf7 38. g5 Ke6 39. gxf6 Kxf6 40. Ke3 g5 41. Kd4 Ke6 42. Bf8 Be2 43. Kc5 Bb5 44. Bg7 Kf5 45. Bd4 Ke4 46. Kb4 g4 47. Bc5 Kd3 48. Bd4 1/2-1/2


[Site "https://www.chess.com"]

[Event "Titled Tuesday Blitz March 08 Early 2022"]
[White "Jaferian, Koosha"]
[Black "Aaditya Dhingra"]
[WhiteFideId "12507440"]
[BlackFideId "25678191"]
[WhiteElo "2030"]
[BlackElo "1849"]
[Result "1-0"]
[Round "03"]
[TimeControl "180+1"]
[Date "2022.03.09"]
[WhiteClock "0:00:47"]
[BlackClock "0:00:10"]

1. Nf3 Nf6 2. b3 g6 3. Bb2 Bg7 4. g3 b6 5. Bg2 Bb7 6. O-O O-O 7. c4 c5 8. d4 cxd4 9. Nxd4 Bxg2 10. Kxg2 d6 11. Nc3 Qc8 12. Qd2 Nc6 13. Rfd1 Nxd4 14. Qxd4 Qb7+ 15. Kg1 Nd7 16. Qd2 Nf6 17. Qe3 Rac8 18. Rac1 Rc5 19. Qd4 Rh5 20. Nd5 Re8 21. h4 Re5 22. Qd2 Rf5 23. Bxf6 Bxf6 24. e4 Re5 25. Nxf6+ exf6 26. Qxd6 R5e6 27. Qf4 Kg7 28. f3 Re5 29. Rd5 Qe7 30. Rcd1 Qa3 31. Qd2 Rxd5 32. cxd5 f5 33. Qd4+ Kg8 34. h5 Qd6 35. Kg2 fxe4 36. fxe4 f5 37. h6 Re7 38. Rc1 Qd8 39. d6 Rd7 40. e5 Qa8+ 41. Kh2 Qf3 42. Qc4+ 1-0


[Site "https://www.chess.com"]

[Event "Titled Tuesday Blitz March 08 Early 2022"]
[White "Jakubowska, Anna"]
[Black "Pert, Richard G"]
[WhiteFideId "1121952"]
[BlackFideId "404748"]
[WhiteElo "1924"]
[BlackElo "2441"]
[Result "1/2-1/2"]
[Round "03"]
[TimeControl "180+1"]
[Date "2022.03.09"]
[WhiteClock "0:00:08"]
[BlackClock "0:00:03"]

1. e4 c5 2. Nc3 Nc6 3. g3 g6 4. Bg2 Bg7 5. d3 d6 6. Nh3 Rb8 7. O-O b5 8. f4 b4 9. Nd5 e6 10. Ne3 f5 11. exf5 Nd4 12. fxe6 Bxe6 13. c3 bxc3 14. bxc3 Nf5 15. Ng5 Bd7 16. Nxf5 Bxf5 17. Bc6+ Kf8 18. g4 Bc8 19. Bd2 h6 20. Ne4 Nf6 21. f5 gxf5 22. Nxf6 Bxf6 23. gxf5 d5 24. Qf3 Bb7 25. Bxb7 Rxb7 26. Kh1 Bg5 27. Be3 Bxe3 28. Qxe3 d4 29. Qe5 Rg8 30. Qxc5+ Qe7 31. cxd4 Rb2 32. Rg1 Rg5 33. Rxg5 hxg5 34. f6 Qxc5 35. dxc5 Rc2 36. d4 Kf7 37. Rf1 Rxa2 38. d5 Rc2 39. c6 a5 40. Ra1 Kxf6 41. Rxa5 Ke5 42. Kg1 g4 43. Rb5 Kd6 44. Ra5 Ke5 45. Kf1 Kd6 46. Ra4 Kxd5 47. Rxg4 Rxc6 48. Rf4 Ke5 49. Rf2 Rg6 50. Rf3 Ke4 51. Kf2 Rg8 52. Rf7 Ra8 53. h4 Ra2+ 54. Kg3 Ra1 55. Kg4 Rg1+ 56. Kh5 Ke5 57. Kh6 Ke6 58. Rf2 Ke7 59. h5 Rg4 60. Kh7 Rg1 61. h6 Rg3 62. Kh8 Rg1 63. Rf4 Rg2 64. Kh7 Rg1 65. Ra4 Kf7 66. Ra7+ Kf8 67. Rg7 Rf1 68. Rg6 Rf2 69. Rg5 Rf3 70. Rg4 Rf6 71. Rg6 Rf4 72. Rg5 Rf6 73. Rg8+ Kf7 74. Rg7+ Kf8 75. Rg4 Rf5 76. Rg6 Rf7+ 77. Rg7 Rf6 78. Rg5 Rf3 79. Rg7 Rf6 1/2-1/2


[Site "https://www.chess.com"]

[Event "Titled Tuesday Blitz March 08 Early 2022"]
[White "Janturin, Artur"]
[Black "De Arruda, Leandro Formes"]
[WhiteFideId "4130022"]
[BlackFideId "22722009"]
[WhiteElo "2341"]
[BlackElo "1852"]
[Result "1-0"]
[Round "03"]
[TimeControl "180+1"]
[Date "2022.03.09"]
[WhiteClock "0:01:56"]
[BlackClock "0:02:10"]

1. b3 e6 2. Bb2 d5 3. f4 Nd7 4. Nf3 Ngf6 5. e3 Bd6 6. Bd3 Qe7 7. Ne5 c5 8. O-O O-O 9. Rf3 Ne4 10. Rh3 f6 11. Nxd7 Bxd7 12. Nc3 Nxc3 13. Bxh7+ Kf7 14. Qh5+ 1-0


[Site "https://www.chess.com"]

[Event "Titled Tuesday Blitz March 08 Early 2022"]
[White "Johnson, Ben"]
[Black "Heinemann, Josefine"]
[WhiteFideId "2010917"]
[BlackFideId "12900460"]
[WhiteElo "2199"]
[BlackElo "2300"]
[Result "0-1"]
[Round "03"]
[TimeControl "180+1"]
[Date "2022.03.09"]
[WhiteClock "0:00:02"]
[BlackClock "0:00:41"]

1. Nf3 c5 2. c4 Nc6 3. Nc3 g6 4. d4 cxd4 5. Nxd4 Bg7 6. e3 Nf6 7. Be2 O-O 8. O-O d5 9. cxd5 Nxd5 10. Nxd5 Qxd5 11. Bf3 Qd8 12. Nxc6 bxc6 13. Bxc6 Rb8 14. Qxd8 Rxd8 15. Rb1 Ba6 16. b4 Bxf1 17. Kxf1 Rd1+ 18. Ke2 Rg1 19. b5 Be5 20. f4 Bd6 21. Be4 Rc8 22. Bd2 Rxb1 23. Bxb1 Kf8 24. Be4 Bc5 25. Kd3 Rd8+ 26. Ke2 f5 27. Bd3 e6 28. Bc3 Kf7 29. Be5 Bb6 30. a4 Rc8 31. Kd2 h6 32. Bc3 Bxe3+ 33. Kxe3 Rxc3 34. a5 Ra3 35. b6 axb6 0-1


[Site "https://www.chess.com"]

[Event "Titled Tuesday Blitz March 08 Early 2022"]
[White "Jones, Gawain C B"]
[Black "Bayramov, Zaur"]
[WhiteFideId "409561"]
[BlackFideId "13405080"]
[WhiteElo "2834"]
[BlackElo "2599"]
[Result "1-0"]
[Round "03"]
[TimeControl "180+1"]
[Date "2022.03.09"]
[WhiteClock "0:00:06"]
[BlackClock "0:00:17"]

1. Nf3 g6 2. d4 Bg7 3. e4 d6 4. Bd3 Nc6 5. c3 e5 6. Be3 Nf6 7. h3 O-O 8. d5 Ne7 9. c4 h6 10. g4 Nd7 11. Rg1 Nc5 12. Bc2 a5 13. Nc3 Kh7 14. Qd2 b6 15. h4 Bd7 16. h5 g5 17. b3 Qc8 18. Nh2 Ng8 19. Rg3 Nf6 20. Qe2 Rd8 21. Kf1 Qb7 22. Kg1 c6 23. Rd1 cxd5 24. exd5+ Kh8 25. Bxc5 bxc5 26. Qd3 Kg8 27. Ne4 Nxe4 28. Qxe4 a4 29. Qh7+ Kf8 30. Rf3 axb3 31. axb3 Ra2 32. Bg6 Be8 33. Nf1 Rda8 34. Ng3 Ra1 35. Rxa1 Rxa1+ 36. Kg2 e4 37. Nxe4 Qe7 38. Bf5 Re1 39. Be6 Ra1 40. Ng3 Ra7 41. Nf5 Qf6 42. Nxd6 Qe5 43. Nxe8 Kxe8 44. Qg8+ Bf8 45. Bxf7+ Ke7 46. Re3 1-0


[Site "https://www.chess.com"]

[Event "Titled Tuesday Blitz March 08 Early 2022"]
[White "Jumabayev, Rinat"]
[Black "Plotnikov, Pavel"]
[WhiteFideId "13702661"]
[BlackFideId "4170342"]
[WhiteElo "2561"]
[BlackElo "2298"]
[Result "1-0"]
[Round "03"]
[TimeControl "180+1"]
[Date "2022.03.09"]
[WhiteClock "0:00:18"]
[BlackClock "0:00:16"]

1. Nf3 Nf6 2. c4 g6 3. d4 Bg7 4. Nc3 O-O 5. e4 d6 6. Be2 Nbd7 7. O-O e5 8. Be3 c6 9. d5 Qc7 10. Rc1 a5 11. dxc6 bxc6 12. c5 Nxc5 13. Bxc5 dxc5 14. Qc2 Nh5 15. g3 f5 16. Na4 fxe4 17. Qxe4 Kh8 18. Nxc5 Bf5 19. Qe3 Nf6 20. Nh4 Bh3 21. Rfe1 Qf7 22. Bc4 Nd5 23. Qe2 Rae8 24. Ne4 Qe7 25. Ng2 h5 26. Rcd1 Bg4 27. Qc2 Bxd1 28. Rxd1 Rd8 29. Nh4 Kh7 30. Nc3 Nb4 31. Qxg6+ 1-0


[Site "https://www.chess.com"]

[Event "Titled Tuesday Blitz March 08 Early 2022"]
[White "Kadric, Denis"]
[Black "Silva, Miguel Antonio Neto"]
[WhiteFideId "14403803"]
[BlackFideId "1911929"]
[WhiteElo "2657"]
[BlackElo "2204"]
[Result "0-1"]
[Round "03"]
[TimeControl "180+1"]
[Date "2022.03.08"]
[WhiteClock "0:00:12"]
[BlackClock "0:00:34"]

1. e4 e5 2. Nf3 Nc6 3. Nc3 Nf6 4. Bb5 Bd6 5. d3 h6 6. a3 a6 7. Bc4 Bc5 8. h3 d6 9. Be3 Bxe3 10. fxe3 Be6 11. Bd5 O-O 12. Qe2 Bxd5 13. exd5 Ne7 14. e4 c6 15. dxc6 bxc6 16. g4 Ng6 17. Qd2 Rb8 18. O-O-O d5 19. g5 hxg5 20. Nxg5 Nf4 21. Rde1 d4 22. Ne2 N6h5 23. Nxf4 Nxf4 24. h4 f6 25. Nh3 Ne6 26. Rhg1 Qb6 27. b3 Qc5 28. Kb2 a5 29. Nf2 a4 30. b4 Qd6 31. Ng4 Kf7 32. Ref1 c5 33. Rf5 Ke7 34. Rgf1 cxb4 35. h5 bxa3+ 36. Ka1 Rb2 37. h6 Qb6 0-1


[Site "https://www.chess.com"]

[Event "Titled Tuesday Blitz March 08 Early 2022"]
[White "Kaganskiy, Gleb"]
[Black "Msellek, Ilyass"]
[WhiteFideId "4132025"]
[BlackFideId "675938"]
[WhiteElo "2165"]
[BlackElo "2219"]
[Result "1-0"]
[Round "03"]
[TimeControl "180+1"]
[Date "2022.03.09"]
[WhiteClock "0:00:22"]
[BlackClock "0:00:04"]

1. e4 e5 2. Nf3 Nc6 3. Bc4 Nf6 4. d4 exd4 5. Ng5 Ne5 6. Bb3 h6 7. f4 hxg5 8. fxe5 Nxe4 9. Qxd4 Nc5 10. O-O Nxb3 11. axb3 d5 12. Nc3 Be6 13. Rxa7 Rxa7 14. Qxa7 b6 15. Be3 g4 16. Nb5 Kd7 17. Bxb6 Bb4 18. c3 Qb8 19. cxb4 Qxb6+ 20. Qxb6 cxb6 21. Rc1 Rc8 22. Rxc8 Kxc8 23. Kf2 Bf5 24. Nd6+ Kd7 25. Nxf5 Ke6 26. Nd6 Kxe5 27. Nc8 b5 28. Na7 Ke4 29. Nxb5 Kd3 30. Na3 Kd2 31. b5 d4 32. b6 d3 33. b7 Kc1 34. Nc4 f5 35. b8=Q g5 36. Qg8 Kc2 37. Qxg5 Kxb3 38. Qxf5 Kxc4 39. Ke3 Kb3 1-0


[Site "https://www.chess.com"]

[Event "Titled Tuesday Blitz March 08 Early 2022"]
[White "Kanyamarala, Tarun"]
[Black "Prohorov, Olexandr"]
[WhiteFideId "45004714"]
[BlackFideId "14105578"]
[WhiteElo "2075"]
[BlackElo "1993"]
[Result "1-0"]
[Round "03"]
[TimeControl "180+1"]
[Date "2022.03.09"]
[WhiteClock "0:00:29"]
[BlackClock "0:00:06"]

1. d4 g6 2. e4 Bg7 3. Nc3 c6 4. f4 d5 5. e5 h5 6. Nf3 Bg4 7. Be3 Nh6 8. h3 Bxf3 9. Qxf3 Nf5 10. Bf2 h4 11. O-O-O e6 12. Ne2 Nd7 13. g4 hxg3 14. Nxg3 Nh4 15. Qb3 Qb6 16. Qd3 Qa5 17. Kb1 b5 18. Ne2 Nf5 19. h4 O-O-O 20. Bh3 Rh7 21. Bg4 Rdh8 22. h5 Qd8 23. Rh3 Kb7 24. Rdh1 Qe7 25. hxg6 Rxh3 26. Rxh3 fxg6 27. a4 a6 28. Nc1 Qb4 29. axb5 axb5 30. Rxh8 Bxh8 31. Qh3 Qf8 32. Nb3 Bg7 33. Na5+ Kb6 34. Nb3 Qh8 35. Qg2 Bh6 36. Qf3 Qf8 37. Be1 Ne7 38. Bxe6 Nb8 39. Ba5+ Kb7 40. Nc5+ Ka8 41. Qa3 1-0


[Site "https://www.chess.com"]

[Event "Titled Tuesday Blitz March 08 Early 2022"]
[White "Karas, Marek"]
[Black "Kamsky, Gata"]
[WhiteFideId "14928558"]
[BlackFideId "2000024"]
[WhiteElo "2271"]
[BlackElo "2645"]
[Result "0-1"]
[Round "03"]
[TimeControl "180+1"]
[Date "2022.03.09"]
[WhiteClock "0:00:05"]
[BlackClock "0:00:45"]

1. d4 d5 2. c4 c6 3. Nf3 Nf6 4. Nc3 a6 5. cxd5 cxd5 6. Bf4 Nc6 7. e3 Bg4 8. Be2 Bxf3 9. Bxf3 e6 10. O-O Bd6 11. Bxd6 Qxd6 12. Qb3 Rb8 13. Na4 O-O 14. Rac1 Rfc8 15. Nb6 Rc7 16. Qa3 Qxa3 17. bxa3 Ne8 18. Rc5 Na7 19. Rfc1 Rxc5 20. Rxc5 Rd8 21. a4 Kf8 22. Be2 Rd6 23. Na8 Rc6 24. Rxc6 Nxc6 25. Bd1 Ke7 26. Kf1 Nd6 27. Nb6 Na5 28. Ke1 Kd8 29. Bf3 Ne4 30. Bxe4 dxe4 31. Kd2 Kc7 32. Na8+ Kc6 33. Kc3 b6 34. d5+ exd5 35. Kd4 Nc4 36. f3 exf3 37. gxf3 Nd6 38. Nxb6 Kxb6 39. Kxd5 Nf5 40. e4 Nh4 41. f4 Kc7 42. e5 Nf5 43. a5 Ne7+ 44. Kc5 Nc6 45. Kd5 Nb4+ 46. Kc5 Nd3+ 47. Kd5 Nxf4+ 48. Ke4 Ne6 0-1


[Site "https://www.chess.com"]

[Event "Titled Tuesday Blitz March 08 Early 2022"]
[White "Karolczuk, Iwo"]
[Black "Lazavik, Denis"]
[WhiteFideId "21816972"]
[BlackFideId "13515110"]
[WhiteElo "2243"]
[BlackElo "2437"]
[Result "0-1"]
[Round "03"]
[TimeControl "180+1"]
[Date "2022.03.08"]
[WhiteClock "0:00:03"]
[BlackClock "0:00:06"]

1. d4 d5 2. Nf3 Nf6 3. c4 c6 4. e3 Bf5 5. Bd3 Bxd3 6. Qxd3 e6 7. O-O Nbd7 8. Nc3 Bb4 9. a3 Bxc3 10. Qxc3 O-O 11. b3 Ne4 12. Qc2 a5 13. a4 Qb6 14. Ba3 Rfd8 15. Ne1 e5 16. Nf3 exd4 17. Nxd4 Ne5 18. Bb2 Re8 19. Rac1 dxc4 20. Qxe4 Nd3 21. Qg4 Nxb2 22. Nf5 g6 23. Nh6+ Kg7 24. Nf5+ Kf8 25. Nd6 Re6 26. Qf4 Qc7 27. Qh6+ Kg8 28. Nxc4 Nd3 29. Rcd1 Nc5 30. Rb1 Rd8 31. Qh4 Rd3 32. f4 Re4 33. Qh3 Rxb3 34. Rxb3 Nxb3 35. Ne5 Nc5 36. Ng4 Qe7 37. f5 Nd7 38. f6 Qe8 39. Nh6+ Kh8 40. Rf3 Ne5 41. Rg3 Qd8 42. Nxf7+ Nxf7 43. Rf3 Qd1+ 44. Rf1 Qd8 45. Qf3 Qe8 46. Qg3 Rxe3 47. Qc7 Re6 48. Qxb7 Kg8 49. Qb2 Re1 50. Qf2 Rxf1+ 51. Qxf1 h5 52. Qf4 Qe5 53. Qc4 Qe1+ 0-1


[Site "https://www.chess.com"]

[Event "Titled Tuesday Blitz March 08 Early 2022"]
[White "Kett, Tim"]
[Black "Orlov, Georgi"]
[WhiteFideId "1801210"]
[BlackFideId "2011271"]
[WhiteElo "2098"]
[BlackElo "2540"]
[Result "1-0"]
[Round "03"]
[TimeControl "180+1"]
[Date "2022.03.09"]
[WhiteClock "0:00:10"]
[BlackClock "0:00:02"]

1. e4 e6 2. d4 d5 3. e5 c5 4. Qg4 Qb6 5. Nf3 cxd4 6. Bd3 Nc6 7. O-O Nh6 8. Bxh6 gxh6 9. Nbd2 Bd7 10. Nb3 O-O-O 11. Nbxd4 Nxd4 12. Qxd4 Bc5 13. Qc3 Kb8 14. a4 Rc8 15. Qd2 Qb4 16. c3 Qg4 17. b4 Rhg8 18. Ne1 Be7 19. Rc1 Qh5 20. Qe2 Qg5 21. Qe3 Bxb4 22. f4 Bc5 23. Qxc5 Rxc5 24. fxg5 Rxg5 25. Rxf7 Bxa4 26. Rxh7 Rxe5 27. Rxh6 Bc6 28. Kf2 d4 29. c4 Re3 30. Rd1 a5 31. Nc2 Ree5 32. Nxd4 Bd7 33. g4 a4 34. h4 a3 35. g5 a2 36. g6 Rc8 37. g7 Ba4 38. Rh8 Bxd1 39. Rxc8+ Kxc8 40. g8=Q+ Kc7 41. Qg7+ Kb6 42. Qxe5 a1=Q 43. Qxe6+ Ka5 44. Qe5+ Kb4 45. Nc2+ Bxc2 46. Qxa1 Bxd3 47. Qg7 b6 48. h5 Bxc4 49. h6 b5 50. h7 1-0


[Site "https://www.chess.com"]

[Event "Titled Tuesday Blitz March 08 Early 2022"]
[White "Kim, Sergey"]
[Black "Sanchez, Robert"]
[WhiteFideId "13700570"]
[BlackFideId "2034360"]
[WhiteElo "2556"]
[BlackElo "2257"]
[Result "1-0"]
[Round "03"]
[TimeControl "180+1"]
[Date "2022.03.09"]
[WhiteClock "0:00:37"]
[BlackClock "0:00:09"]

1. d4 d5 2. c4 e6 3. Nc3 Nf6 4. Nf3 Be7 5. Bf4 c5 6. e3 O-O 7. a3 Nc6 8. Bd3 cxd4 9. exd4 dxc4 10. Bxc4 b6 11. O-O Bb7 12. Rc1 Rc8 13. Ba2 Na5 14. Ne5 Nd5 15. Bd2 Bf6 16. Re1 Bxe5 17. dxe5 Nc4 18. Bxc4 Rxc4 19. Ne4 Rxc1 20. Qxc1 Qh4 21. Bg5 Qh5 22. Nd6 Ba8 23. Qd2 h6 24. Bf4 Rd8 25. Bg3 Qg6 26. Rc1 h5 27. h4 Ne7 28. Qg5 Qxg5 29. hxg5 Nd5 30. Nc8 a6 31. f3 Kh7 32. Bf2 Nf4 33. Rc2 b5 34. Nd6 Kg6 35. Be3 Nd5 36. Bc1 f6 37. gxf6 gxf6 38. f4 fxe5 39. fxe5 h4 40. Kh2 Kh5 41. Rf2 Rg8 42. Bd2 Rg4 43. Ne8 Re4 44. Nf6+ Nxf6 45. exf6 1-0


[Site "https://www.chess.com"]

[Event "Titled Tuesday Blitz March 08 Early 2022"]
[White "Kim, Yoon-Young"]
[Black "Jaskolka, Tomasz"]
[WhiteFideId "30908779"]
[BlackFideId "1170791"]
[WhiteElo "2109"]
[BlackElo "2073"]
[Result "1-0"]
[Round "03"]
[TimeControl "180+1"]
[Date "2022.03.09"]
[WhiteClock "0:00:16"]
[BlackClock "0:00:10"]

1. Nf3 c5 2. c4 Nc6 3. Nc3 d6 4. e3 g6 5. d4 cxd4 6. exd4 Bg7 7. d5 Ne5 8. Nxe5 Bxe5 9. Bd3 Bg7 10. O-O Nf6 11. Re1 O-O 12. Bg5 Re8 13. Qd2 Ng4 14. Rac1 Ne5 15. Bf1 Bf5 16. h3 h5 17. Ne4 Bxe4 18. Rxe4 Rc8 19. b3 Qd7 20. f4 Qf5 21. fxe5 Qxe4 22. Re1 Qf5 23. Bd3 Qd7 24. e6 fxe6 25. Rxe6 Qc7 26. Bxg6 Rf8 27. Rxe7 Qb6+ 28. Be3 Qd8 29. Re6 Rf6 30. Bg5 Qb6+ 31. Be3 Qd8 32. Bg5 Qb6+ 33. Kh2 Rxe6 34. dxe6 Be5+ 35. Bf4 Qc5 36. e7 Qc6 37. Bxe5 dxe5 38. Qd5+ Qxd5 39. cxd5 e4 40. d6 e3 41. d7 1-0


[Site "https://www.chess.com"]